 Dungeon Crawl Stone Soup version 0.23.2-1-ga50397a6bc (webtiles) character file.

Game seed: 13279310132309286040

229 foreskingamer the Bolt Thrower (level 6, -11/36 HPs)
             Began as a Kobold Hunter on May 20, 2019.
             Was an Initiate of the Shining One.
             Killed by divine providence
             ... invoked by an orc priest
              (16 damage)
             ... on level 3 of the Dungeon.
             The game lasted 00:10:33 (2620 turns).

foreskingamer the Bolt Thrower (Kobold Hunter)      Turns: 2620, Time: 00:10:34

Health: -11/36     AC:  3    Str: 10    XL:     6   Next: 23%
Magic:  6/6        EV: 15    Int: 12    God:    the Shining One [......]
Gold:   114        SH:  0    Dex: 17    Spells: 5/5 levels left

rFire    . . .     SeeInvis .   u - +4 short sword
rCold    + . .     Gourm    .   (shield restricted)
rNeg     . . .     Faith    .   r - +0 leather armour
rPois    +         Spirit   .   (no helmet)
rElec    .         Reflect  .   (no cloak)
rCorr    .         Harm     .   (no gloves)
MR       .....                  (no boots)
Stlth    +.........             (no amulet)
HPRegen  0.12/turn              h - ring of protection from cold
MPRegen  0.10/turn              o - ring of poison resistance

@: glowing
A: small, carnivore
a: Renounce Religion


You were on level 3 of the Dungeon.
You worshipped the Shining One.
The Shining One was noncommittal.
You were full.

You visited 1 branch of the dungeon, and saw 3 of its levels.

You collected 114 gold pieces.

Inventory:

Hand Weapons
 a - a +1 hand crossbow
 b - a +0 short sword
 q - a +2 dagger of venom
 u - a +4 short sword (weapon)
Missiles
 d - 32 bolts
 g - 51 stones (quivered)
Armour
 c - a +0 leather armour
 r - a +0 leather armour (worn)
Jewellery
 h - a ring of protection from cold (left hand)
 n - an uncursed ring of fire
 o - a ring of poison resistance (right hand)
 v - an uncursed ring of stealth {unknown}
Scrolls
 e - 2 scrolls of magic mapping {unknown}
 j - 2 scrolls of identify
 k - a scroll of random uselessness
 l - a scroll of blinking {unknown}
 m - a scroll of remove curse {unknown}
 s - a scroll of immolation {unknown}
 x - a scroll of fear {unknown}
 y - a scroll of enchant armour {unknown}
Potions
 i - 2 potions of curing {unknown}
 p - a potion of lignification {unknown}
 t - a potion of mutation {unknown}
 w - a potion of cancellation {unknown}
Comestibles
 f - 2 rations


   Skills:
 + Level 2.9 Fighting
 + Level 2.1 Short Blades
 + Level 6.9 Crossbows
 + Level 1.7 Armour
 + Level 3.0 Dodging
 + Level 1.6 Stealth


You had 5 spell levels left.
You didn't know any spells.
Your spell library was empty.

Dungeon Overview and Level Annotations

Branches:
Dungeon (3/15)

Altars:
Ashenzari
Dithmenos
Uskayaw
Yredelemnul
The Shining One


Innate Abilities, Weirdness & Mutations

You are small and have problems with some larger weapons.
You are carnivorous and can eat meat at any time.


Message History

The orc wizard hits you with a +0 dagger.
* * * LOW HITPOINT WARNING * * *
The orc priest misses you. The orc wizard barely misses you.
The orc wizard hits you with a +0 dagger.
* * * LOW HITPOINT WARNING * * *
The orc priest casts a cantrip, but nothing happens.
The orc wizard gestures at you while chanting.
The puff of flame misses you.
There is an open door here.
The orc priest looks braver for a moment.
The orc wizard completely misses you.
The orc wizard hits you but does no damage.
The orc priest calls upon Beogh to heal the orc wizard.
The orc wizard is healed somewhat.
The orc wizard barely misses you.
You hit the orc wizard.
The orc wizard is severely wounded.
The orc priest invokes the aid of Beogh against you.
Beogh smites you!
You die...

. . ####### .#.8
#.....##..#
#.........# #<.....# #
#..†...# #. #......#
#.##.#####....#
##.#....o.o@...# #
.....##'##l.#..>....
#..#...#o.....#..##.##
##. ..#..o........ #
#...##.#....##...###
#....⌠.##'##.⌠...#
#.....)...#....
##.†.....#.###.
#...?.......#$..


You could see an orc priest, an orc wizard (invisible), an orc and a frilled
lizard.

Vanquished Creatures
  A scorpion (D:2)
  An orc priest (D:2)
  7 adders (D:2)
  An ooze (D:2)
  3 worms (D:2)
  6 dart slugs
  A leopard gecko (D:1)
  4 orcs (D:2)
  4 giant cockroaches (D:2)
  6 goblins
  5 hobgoblins
  8 jackals
  4 bats
  4 frilled lizards
  3 kobolds
  7 rats
65 creatures vanquished.

Notes
Turn   | Place    | Note
-------+----------+-------------------------------------------
     0 | D:1      | foreskingamer the Kobold Hunter began the quest for the
                  | Orb.
     0 | D:1      | Reached XP level 1. HP: 12/12 MP: 1/1
    49 | D:1      | Reached skill level 5 in Crossbows
    79 | D:1      | Reached XP level 2. HP: 17/17 MP: 2/2
   343 | D:1      | Reached XP level 3. HP: 21/21 MP: 3/3
   675 | D:2      | Reached skill level 6 in Crossbows
   695 | D:2      | Found a basalt altar of Yredelemnul.
   710 | D:2      | Reached XP level 4. HP: 6/27 MP: 4/4
  1140 | D:2      | Found a glowing golden altar of the Shining One.
  1148 | D:2      | Became a worshipper of the Shining One
  1241 | D:2      | Reached XP level 5. HP: 10/31 MP: 5/5
  1650 | D:2      | Reached skill level 1 in Armour
  1710 | D:2      | Reached skill level 1 in Short Blades
  1806 | D:2      | Reached XP level 6. HP: 30/36 MP: 6/6
  1880 | D:2      | Found a hide-covered altar of Uskayaw.
  1949 | D:2      | Found a shadowy altar of Dithmenos.
  2590 | D:3      | Found a shattered altar of Ashenzari.
  2620 | D:3      | Killed from afar by an orc priest

Skill      XL: |  1  2  3  4  5  6 |
---------------+-------------------+-----
Crossbows      | 5 6 |  6.9
Armour         | 1 |  1.7
Short Blades   | 1 2 |  2.1
Dodging        | 3 |  3.0
Fighting       | |  2.9
Stealth        | |  1.6

Action                   |  1- 3 |  4- 6 || total
-------------------------+-------+-------++-------
Melee: Hand crossbow     |     1 |       ||     1
       Dagger            |       |    60 ||    60
       Short sword       |       |    69 ||    69
 Fire: Hand crossbow     |    56 |    11 ||    67
  Use: Scroll            |     2 |       ||     2
  Eat: Chunk             |     7 |     4 ||    11
Armor: Leather armour    |     5 |    22 ||    27
Dodge: Dodged            |    18 |   128 ||   146
